 Dungeon Crawl Stone Soup version 0.29-a0-830-gcb1280458a (webtiles) character file.

Game seed: 4089681991148236328

2198 Mesmaeker13 the Insei (level 9, -13/62 HPs)
             Began as an Octopode Transmuter on July 11, 2022.
             Was a Follower of Ashenzari.
             Mangled by an orc warrior
             ... wielding a +0 scimitar
              (15 damage)
             ... on level 6 of the Dungeon.
             The game lasted 00:11:10 (8260 turns).

Mesmaeker13 the Insei (Octopode Transmuter)         Turns: 8260, Time: 00:11:10

Health: -13/62     AC:  1    Str:  9    XL:     9   Next: 34%
Magic:  10/12      EV: 13    Int: 20    God:    Ashenzari [*.....]
Gold:   331        SH:  0    Dex: 18    Spells: 2/12 levels left

rFire   . . .      SeeInvis +   B - +1 whip (flame)
rCold   . . .      Faith    .   (no shield)
rNeg    . . .      Spirit   .   (helmet restricted)
rPois   .          Reflect  .   (no amulet)
rElec   .          Harm     .   u - ring "Doubts of Ashenzari" {Dex+6, Melee, Bglg} (curse)
rCorr   .          Rampage  .   A - ring "Restrained Together" {Fly, Elem, Bglg} (curse)
Will    .....                   G - ring of see invisible
Stlth   ++........              (no ring)
HPRegen 0.20/turn               (no ring)
MPRegen 0.13/turn               (no ring)
                                (no ring)
                                (no ring)

@: confused, wereblooded (expiring), flying
A: almost no armour, amphibious, 8 rings, camouflage 1, gelatinous body 1,
(nimble swimmer 1), tentacles
a: Renounce Religion, Shatter the Chains


You were on level 6 of the Dungeon.
You worshipped Ashenzari.
Ashenzari was aware of your devotion.
You visited 1 branch of the dungeon, and saw 6 of its levels.

You collected 331 gold pieces.

Inventory:

Hand Weapons
 B - a +1 whip of flaming (weapon)
Missiles
 i - 3 curare-tipped darts (quivered)
 o - 12 poisoned darts
Magical Staves
 s - a staff of fire
Jewellery
 q - a ring of ice
 t - a ring of ice
 u - the cursed ring "Doubts of Ashenzari" (left tentacle) {Dex+6, Melee, Bglg}
   (You found it on level 3 of the Dungeon)

   [ring of dexterity]

   Dex:       It affects your dexterity (+6).
   It has a curse which improves the following skills: Melee Combat: Short
   Blades, Long Blades, Axes, Maces & Flails, Polearms, Staves and Unarmed
   Combat.
   Beguiling: Conjurations, Hexes and Translocations.
 A - the cursed ring "Restrained Together" (right tentacle) {Fly, Elem, Bglg}
   (You found it on level 4 of the Dungeon)

   [ring of flight]

   Fly:       It grants you flight.
   It has a curse which improves the following skills: Elements: Fire Magic, Ice
   Magic, Air Magic and Earth Magic.
   Beguiling: Conjurations, Hexes and Translocations.
 G - a ring of see invisible (on tentacle)
 H - the brooch of Shielding {Spirit SH+8}
   (You found it on level 6 of the Dungeon)

   [amulet of guardian spirit]

   It causes incoming damage to be divided between your reserves of health and
   magic.
   SH:        It affects your SH (+8).
 I - a ring of ice
Wands
 y - a wand of polymorph (6)
Scrolls
 b - a scroll of torment
 c - a scroll of silence
 e - 3 scrolls of teleportation
 f - a scroll of summoning
 g - 2 scrolls of vulnerability
 j - 3 scrolls of magic mapping
 k - 2 scrolls of fog
 m - a scroll of amnesia
 v - 3 scrolls of noise
 x - a scroll of fear
 F - a scroll of immolation
Potions
 a - 3 potions of lignification
 d - 3 potions of mutation
 h - a potion of magic
 l - 2 potions of berserk rage
 n - 3 potions of haste
 p - 2 potions of attraction
 r - a potion of brilliance
 w - a potion of degeneration
 z - 2 potions of invisibility
 C - a potion of flight
 D - a potion of resistance
 E - a potion of curing


   Skills:
 + Level 5.8 Fighting
 - Level 2.0 Dodging
 + Level 6.6(7.5) Unarmed Combat
 - Level 2.4 Spellcasting
 + Level 6.1 Transmutations
 + Level 2.5(3.2) Ice Magic
 + Level 6.5 Poison Magic


You had 2 spell levels left.
You knew the following spells:

 Your Spells              Type           Power      Damage    Failure   Level
a - Beastly Appendage     Tmut           54%        N/A       1%          1
b - Wereblood             Tmut           27%        N/A       1%          2
c - Spider Form           Tmut/Pois      27%        N/A       3%          3
d - Ice Form              Ice/Tmut       21%        N/A       22%         4

Your spell library contained the following spells:

 Spells                   Type           Power      Damage    Failure   Level
 Ensorcelled Hibernation  Hex/Ice        18%        N/A       11%         2
 Foxfire                  Conj/Fire      12%        2x1d4     14%         1
 Conjure Flame            Conj/Fire      3%         6-21      38%         3
 Inner Flame              Hex/Fire       3%         N/A       38%         3
 Flame Wave               Conj/Fire      3%         2d4       80%         4
 Anguish                  Hex/Necr       1%         N/A       82%         4


Dungeon Overview and Level Annotations

Branches:
Dungeon (6/15)             Temple (0/1) D:4

Altars:
Ashenzari
Qazlal
Sif Muna

Shops:
D:3 (

Annotations:
D:3 1 runed translucent door, Crazy Yiuf


Innate Abilities, Weirdness & Mutations

You cannot wear most types of armour.
You are amphibious.
You can wear up to eight rings at the same time.
Your skin changes colour to match your surroundings (Stealth+).
Your rubbery body absorbs attacks. (AC +1, EV +1)
((You are camouflaged when in or above water. (Stealth+)))
You have tentacles for arms and can constrict up to eight enemies at once.


Message History

The orc warrior hits you with a +0 scimitar!
The orc warrior hits you with a +0 scimitar!
The orc wizard attacks as you move away!
The orc wizard barely misses you.
The orc wizard attacks as you move away!
The orc wizard misses you.
The orc wizard points at you and mumbles some strange words.
The magic dart hits you!
You hit the orc wizard.
The orc wizard is heavily wounded.
The orc wizard barely misses you.
You hit the orc wizard.
The orc wizard is poisoned.
The orc wizard is severely wounded.
The orc wizard casts a spell at you.
You are confused.
You bite the orc wizard!
You feel a bit better.
You kill the orc wizard!
You hiss as the wereblood boils in your veins!
You bump into the rock wall.
You hiss as the wereblood boils in your veins!
The orc warrior hits you with a +0 scimitar!
* * * LOW HITPOINT WARNING * * *
You hit the orc warrior.
The orc warrior is heavily wounded.
The orc warrior completely misses you.
You bump into the rock wall.
Your transformation has ended.
Your +1 whip of flaming unmelds from your body.
Your +1 whip of flaming bursts into flame!
Your primal bloodlust is almost over.
The orc warrior hits you with a +0 scimitar!
* * * LOW HITPOINT WARNING * * *
You howl as the wereblood boils in your veins!
You are too confused!
Unknown command.
You are too confused!
Unknown command.
You bump into the rock wall.
The orc warrior hits you with a +0 scimitar!
You die...

#.# #.(.....# ##.###.## #.#
#.......##.###.#.## #.#
#.......##.......#
######.###.......#######.##
#................# #.#
#.#.##.##......<.# ####.##
####.##.##........# #.....#
#≈##....##..##[#.## #.##..#
≈≈##..#.#......#@# #.#...#
####..#.#...####o# #.#.#.#
##..........####)# #.....#
.####........))..# ###.###
..#######.####.#########.# #####
..≈#### #.####...........# #....
..≈...###....[.##############.###
.≈.....#######.# ####...###
.......# ##.## #.......##


You could see an orc warrior (poisoned).

Vanquished Creatures
  Pikel (D:3)
  Grinder (D:4)
  Sigmund (D:4)
  Menkaure (D:6)
  2 ice beasts (D:5)
  An ogre (D:5)
  A centaur (D:6)
  3 lemures (D:4)
  2 phantoms
  Blork the orc (D:5)
  2 necrophages (D:5)
  2 scorpions (D:6)
  A howler monkey (D:4)
  2 hounds
  2 iguanas
  4 orc wizards (D:6)
  3 gnolls (D:5)
  10 adders
  A shadow imp (D:5)
  A white imp (D:6)
  An ufetubus (D:5)
  2 worms
  2 dart slugs (D:1)
  6 orcs
  8 ball pythons
  10 endoplasms
  2 giant cockroaches
  5 goblins
  7 hobgoblins
  4 kobolds (D:1)
  2 quokkas
  10 bats
  3 frilled lizards
  6 rats
110 creatures vanquished.

Notes
Turn   | Place    | Note
-------+----------+-------------------------------------------
     0 | D:1      | Mesmaeker13 the Octopode Transmuter began the quest for the
                  | Orb.
     0 | D:1      | Reached XP level 1. HP: 13/13 MP: 3/3
    10 | D:1      | Noticed a hog
    10 | D:1      | Noticed a wyvern
    10 | D:1      | Noticed a black bear
    10 | D:1      | Noticed a salamander
    10 | D:1      | Noticed an iguana
   216 | D:1      | Reached XP level 2. HP: 18/18 MP: 3/5
   551 | D:1      | Reached XP level 3. HP: 20/23 MP: 4/6
   685 | D:1      | Found a faded altar of an unknown god.
  1425 | D:2      | Learned a level 2 spell: Wereblood
  1454 | D:2      | Learned a level 3 spell: Spider Form
  1865 | D:2      | Reached XP level 4. HP: 26/29 MP: 7/7
  2242 | D:2      | Reached skill level 1 in Poison Magic
  3022 | D:3      | Found a stormy altar of Qazlal.
  3074 | D:3      | Found Qent's Weapon Shop.
  3095 | D:3      | Found a runed translucent door.
  3096 | D:3      | Noticed Crazy Yiuf
  3466 | D:3      | Reached XP level 5. HP: 22/34 MP: 5/8
  4031 | D:4      | Found a broken altar of Ashenzari.
  4035 | D:4      | Became a worshipper of Ashenzari the Shackled
  4071 | D:4      | Found a staircase to the Ecumenical Temple.
  4326 | D:4      | Noticed a lemure
  4347 | D:4      | Killed a lemure
  4350 | D:4      | Noticed a lemure
  4364 | D:4      | Killed a lemure
  4393 | D:4      | Noticed a lemure
  4394 | D:4      | Noticed a lemure
  4405 | D:4      | Noticed Pikel
  4409 | D:4      | Killed a lemure
  4435 | D:3      | Killed Pikel
  4436 | D:3      | Reached skill level 5 in Unarmed Combat
  4436 | D:3      | Reached XP level 6. HP: 12/43 MP: 2/9
  4436 | D:3      | Reached XP level 7. HP: 13/47 MP: 2/10
  4694 | D:4      | Noticed Sigmund
  4704 | D:5      | Entered Level 5 of the Dungeon
  4934 | D:5      | Reached XP level 8. HP: 24/54 MP: 7/11
  5190 | D:5      | Noticed Blork the orc
  5226 | D:5      | Killed Blork the orc
  5382 | D:5      | Reached skill level 5 in Transmutations
  5382 | D:5      | Reached skill level 5 in Poison Magic
  6431 | D:5      | Reached skill level 5 in Fighting
  6539 | D:6      | Noticed Menkaure
  6556 | D:6      | Learned a level 4 spell: Ice Form
  6635 | D:4      | Noticed Grinder
  6646 | D:4      | Paralysed by Grinder for 3 turns
  6655 | D:4      | Killed Grinder
  6656 | D:4      | Reached skill level 1 in Ice Magic
  7060 | D:4      | Killed Sigmund
  7061 | D:4      | Reached XP level 9. HP: 61/61 MP: 9/12
  7250 | D:4      | Reached * piety under Ashenzari
  7421 | D:6      | Killed Menkaure
  7529 | D:6      | Found the brooch of Shielding {Spirit SH+8}
  7578 | D:6      | Found a shimmering blue altar of Sif Muna.
  8258 | D:6      | HP: 2/62 [orc warrior/+0 scimitar (13)]
  8260 | D:6      | Mangled by an orc warrior

Illustrated notes

Levels and vault maps discovered:
D:1:      onia_arrival_zoo_common, layout_loops_ring,
          ebering_ecumenical_altar_rust, kennysheep_crisscross,
          minmay_box_of_dots
D:2:      layout_basic
D:3:      layout_rooms, nicolae_qazlal_scattered_showers, serial_shops,
          nicolae_shop_waterfront, uniq_crazy_yiuf_cottage
D:4:      layout_layer_cave, nicolae_ashenzari_skybound,
          minmay_temple_entry_gardened_gates, uniq_pikel, uniq_sigmund,
          uniq_grinder
D:5:      layout_loops_ring, minivault_11, guppyfry_early_lair_pool,
          uniq_blork_the_orc
D:6:      layout_loops_cross, overflow_temple_1_default, serial_rivers,
          chequers_serial_rivers_small_b, chequers_serial_rivers_micro_d,
          chequers_serial_rivers_micro_a, chequers_serial_rivers_small_3,
          uniq_menkaure

Skill      XL: |  1  2  3  4  5  6  7  8  9 |
---------------+----------------------------+-----
Fighting       | 2 3 4 5 |  5.8
Poison Magic   | 1 4 6 |  6.5
Transmutations | 3 4 5 6 |  6.1
Unarmed Combat | 5 6 |  6.6
Ice Magic      | 1 2 |  2.5
Dodging        | |  2.0
Spellcasting   | |  2.4

Action                   |  1- 3 |  4- 6 |  7- 9 || total
-------------------------+-------+-------+-------++-------
Melee: Dagger            |    94 |    64 |     7 ||   165
       Tentacles         |    20 |    15 |     8 ||    43
       Constrict         |    22 |    18 |     7 ||    47
       Kick              |    21 |    16 |     9 ||    46
       Unarmed           |     2 |    33 |   130 ||   165
       Punch             |     3 |     1 |     1 ||     5
       Whip              |       |       |    15 ||    15
Throw: Dart              |       |     3 |     1 ||     4
 Cast: Beastly Appendage |    21 |    22 |     8 ||    51
       Spider Form       |       |     5 |    16 ||    21
       Ice Form          |       |       |     3 ||     3
       Wereblood         |       |       |     2 ||     2
Invok: Curse Item        |       |       |     2 ||     2
 Abil: End Transformatio |       |     1 |     1 ||     2
  Use: Scroll            |       |     6 |     1 ||     7
 Stab: Sleeping          |     6 |     2 |     2 ||    10
Armor: Skin              |     8 |     4 |    10 ||    22
Dodge: Dodged            |    57 |    71 |   105 ||   233

Table legend: (Time is in decaauts)
 A = Elapsed time spent in this place.
 B = Non-inter-level travel time spent in this place.
 C = Inter-level travel time spent in this place.
 D = Time resting spent in this place.
 E = Time spent auto-exploring this place.
 F = Levels seen in this place.
 G = Mean time per level.
                   A        B        C        D        E       F      G
               +--------+--------+--------+--------+--------+-----+--------+
         Total |   8239 |   7922 |    317 |   1304 |   5346 |   6 | 1373.2 |
       Dungeon |   8239 |   7922 |    317 |   1304 |   5346 |   6 | 1373.2 |
               +--------+--------+--------+--------+--------+-----+--------+

Top non-repeatable levels by time:
     D:5: 1810 daAuts
     D:2: 1573 daAuts
     D:4: 1421 daAuts
     D:1: 1384 daAuts
     D:6: 1044 daAuts
     D:3: 1004 daAuts
